Map: Frozen Temple

Players

MarineLorD - Winner!

  • Race: Terran Terran
  • League: Master

Bly

  • Race: Zerg Zerg
  • League: Master

Event: DreamHack ZOWIE Open Valencia 2016

VOD

Have the link to the VOD?

Description

Time

  • Played on: July 14, 2016, 2:15 p.m.
  • Length: 7:46

All games in this series

Show
View Real Time Build Order
Export as new Build Order

MarineLorD Terran - Winner!

Build Orders:  

Get SALT Encoding   

  12  0:00  SCV  
  13  0:12  SCV  
  14  0:17  Supply Depot  
  14  0:24  SCV  
  15  0:29  Refinery  
  15  0:39  SCV  
  16  0:43  Barracks  
  16  0:51  SCV  
  17  1:02  Barracks  
  17  1:05  SCV  
  18  1:19  Barracks  
  18  1:22  SCV  
  19  1:31  Reaper  
  20  1:39  Orbital Command  
  20  1:48  Reaper  
  20  1:51  Supply Depot  
  21  1:57  Refinery  
  21  2:03  Reaper  
  21  2:06  Reaper  
  23  2:12  SCV  
  24  2:17  Supply Depot  
  24  2:23  Reaper  
  24  2:24  SCV  
  26  2:35  Reaper  
  26  2:36  SCV  
  28  2:48  Reaper  
  28  2:49  SCV  
  30  2:55  Reaper  
  31  3:05  SCV, Command Center  
  31  3:07  Reaper  
  33  3:18  SCV  
  34  3:20  Reaper  
  35  3:27  Reaper  
  35  3:32  Supply Depot  
  35  3:33  SCV  
  37  3:39  Reaper  
  38  3:45  SCV  
  39  3:53  Reaper  
  40  3:57  SCV  
  40  3:59  Reaper  
  43  4:10  SCV  
  43  4:11  Reaper  
  44  4:20  Orbital Command  
  44  4:22  SCV  
  44  4:23  Command Center  
  43  4:25  Reaper  
  44  4:32  Reaper  
  44  4:34  SCV  
  46  4:43  Reaper  
  45  4:46  SCV  
  43  4:53  Orbital Command  
  43  4:57  Reaper  
  43  4:58  SCV  
  43  4:59  Barracks x2  
  41  5:05  Barracks Tech Lab  
  38  5:10  SCV  
  39  5:19  SCV  
  39  5:20  Bunker  
  40  5:22  SCV, Reaper  
  40  5:24  Marine  
  40  5:25  Stimpack  
  43  5:31  Supply Depot, SCV  
  43  5:33  Barracks Reactor  
  43  5:34  SCV  
  45  5:36  Orbital Command  
  45  5:40  Factory  
  45  5:43  SCV  
  45  5:46  SCV, Barracks Reactor  
  47  5:50  Refinery  
  47  5:51  Refinery  
  47  5:54  Supply Depot  
  47  5:55  SCV  
  47  5:56  Barracks Reactor  
  48  5:58  SCV  
  48  5:59  Barracks Reactor  
  48  6:01  SCV  
  50  6:06  Marine  
  50  6:07  SCV  
  50  6:10  SCV  
  50  6:11  Marine x2  
  53  6:13  SCV  
  56  6:19  SCV  
  56  6:23  Orbital Command  
  56  6:24  Marine  
  56  6:25  Marine x2  
  58  6:29  Marine x2  
  58  6:30  Factory Reactor  
  58  6:31  SCV x2  
  64  6:33  Marine x2  
  64  6:34  Starport  
  64  6:37  Marine  
  64  6:39  Marine  
  68  6:41  Marine  
  68  6:43  SCV x2, Marine x2  
  68  6:46  Marine x2  
  73  6:50  Marine  
  73  6:52  Marine  
  76  6:54  Marine  
  76  6:55  SCV  
  76  6:56  SCV  
  76  6:57  Marine  
  76  6:59  Marine  
  76  7:00  SCV  
  76  7:01  Marine x2  
  82  7:04  Marine  
  82  7:08  SCV, Marine  
  86  7:10  Marine  
  86  7:12  Marine  
  86  7:15  SCV x2  
  90  7:16  Factory Reactor  
  90  7:17  Marine  
  90  7:18  Supply Depot  
  93  7:33  Supply Depot  
  93  7:36  Supply Depot  
  93  7:39  Engineering Bay  
  93  7:40  Engineering Bay  
  93  7:42  Supply Depot  
Show
View Real Time Build Order
Export as new Build Order

Bly Zerg 

Build Orders: Hatch First 

Get SALT Encoding   

  12  0:01  Drone  
  13  0:13  Overlord  
  13  0:20  Drone  
  14  0:33  Drone x2  
  16  0:38  Drone  
  17  0:52  Hatchery  
  17  0:57  Drone  
  17  1:02  Drone, Extractor  
  17  1:14  Spawning Pool  
  17  1:17  Drone  
  17  1:21  Drone  
  18  1:28  Drone  
  19  1:40  Overlord  
  19  2:00  Queen  
  21  2:01  Zergling x4  
  21  2:02  Metabolic Boost  
  21  2:04  Queen  
  21  2:08  Zergling x2  
  26  2:15  Drone x2  
  28  2:23  Drone  
  29  2:30  Drone  
  29  2:34  Drone  
  31  2:40  Pneumatized Carapace, Drone  
  32  2:45  Spine Crawler  
  32  2:49  Queen  
  33  2:56  Zergling x6  
  36  3:03  Overlord  
  33  3:16  Zergling x6  
  31  3:29  Zergling x6  
  34  3:35  Zergling x2  
  32  3:54  Zergling x4  
  32  3:55  Zergling x4  
  32  4:01  Zergling x4  
  34  4:08  Zergling x6  
  32  4:24  Zergling x6  
  31  4:35  Zergling x4  
  21  4:53  Drone x2  
  21  4:54  Drone x2  
  21  4:59  Drone x2  
  22  5:09  Drone  
  23  5:19  Drone x2  
  25  5:23  Drone  
  26  5:29  Drone  
  26  5:32  Drone  
  28  5:37  Drone x3  
  31  5:45  Drone x5  
  36  5:53  Drone  
  36  5:56  Drone  
  38  6:09  Zergling x10  
  43  6:17  Zergling x2  
  44  6:19  Overlord  
  44  6:22  Queen  
  44  6:32  Evolution Chamber, Overlord x2  
  42  6:33  Evolution Chamber  
  41  6:43  Queen  
  39  6:58  Zergling x6  
  39  6:59  Zergling x2  
  39  7:01  Drone x2  
  39  7:07  Queen  
  39  7:20  Hatchery  
  38  7:29  Drone x2  
  40  7:31  Drone x3  
  40  7:33  Drone  

Tags
 
Add a new tag
Caveats
  • Supply blocks, unpowered buildings, or Contaminate may cause inaccurate times.
  • Supply counts are checked every 10 seconds.